AoeStats
← Chus

Nomad

509928547Analyzed
2v2 RM · 3d ago on Sep 28, 2026· 49m 33s· 4 players
Game mode
Random Map
Map size
176×176
Population
200
Speed
Normal
Resources
Standard
Victory
Conquest
Starting age
Dark Age
Ending age
Imperial Age
RankedLock teamsTeams togetherTeam positionsShared explorationLock speedFull tech treeHidden civsTurbo modeCheats
Victory
Defeat
🇩🇪 Varangians · Germany
918
+14
🇩🇪 Magyars · Germany
913
+15
🇨🇴 Mongols · Colombia
905
-29
🇪🇸 Vikings · Spain
877
-14
Chus
3:36 Loom
14:46 Feudal Age
16:41 Town Watch
17:26 Double-Bit Axe
22:32 Castle Age
21:30 Fletching
21:40 Padded Archer Armor
23:59 Bodkin Arrow
24:20 Leather Archer Armor
25:41 Medium Warships
32:15 Elite Skirmisher
38:52 Imperial Age
38:56 Crossbowman
42:06 Gold Mining
43:04 Town Patrol
43:11 Arbalester
44:30 Bracer
48:16 Ring Archer Armor
u5500393
14:11 Feudal Age
22:20 Castle Age
22:25 Light Cavalry
24:53 Forging
24:52 Scale Barding Armor
25:10 Bloodlines
25:01 Husbandry
26:13 Horse Collar
28:24 Wheelbarrow
30:14 Murder Holes
31:46 Hand Cart
35:46 Forging
41:13 Imperial Age
41:36 Chain Barding Armor
41:52 Iron Casting
41:08 Fletching
42:53 Conscription
42:56 Drill
43:13 Hoardings
43:13 Capped Ram
46:11 Heavy Camel Rider
TurboAoE
13:33 Feudal Age
20:33 Castle Age
22:44 Squires
22:30 Arson
24:14 Wheelbarrow
25:26 Double-Bit Axe
28:51 Horse Collar
29:09 Gold Mining
32:42 Hand Cart
34:45 Husbandry
35:01 Bloodlines
36:25 Scale Barding Armor
40:24 Imperial Age
42:08 Elite Varangian Guard
46:11 Elite Jarl
48:20 Chain Barding Armor
psYcHo69AoE
11:46 Loom
13:33 Feudal Age
23:14 Castle Age
23:44 Double-Bit Axe
24:06 Fletching
24:43 Stone Mining
24:36 Horse Collar
26:11 Heavy Plow
30:48 Gold Mining
31:32 Bodkin Arrow
31:38 Padded Archer Armor
33:06 Thumb Ring
35:30 Wheelbarrow
37:52 Hand Cart
40:29 Imperial Age
40:00 Husbandry
40:11 Bloodlines
40:19 Leather Archer Armor
40:35 Ballistics
40:04 Light Cavalry
41:52 Gold Shaft Mining
44:12 Bow Saw
44:34 Crop Rotation
45:30 Chemistry
44:59 Parthian Tactics
46:31 Ring Archer Armor
46:40 Heavy Cavalry Archer
49:16 Recurve Bow
49:37 Conscription
Connection lost

Rejoining the realm…

Still unreachable

The connection could not be restored.

Session expired

The server has moved on; the page needs a fresh start.